 Dungeon Crawl Stone Soup version 0.23-a0-128-g2d122ddfbf (webtiles) character file.

187 Napalmbreeze the Magician (level 5, -4/28 HPs)
             Began as a Deep Elf Fire Elementalist on Aug 27, 2018.
             Slain by a river rat (9 damage)
             ... in a sewer.
             The game lasted 00:09:25 (2520 turns).

Napalmbreeze the Magician (DEFE)                    Turns: 2520, Time: 00:09:25

Health: -4/28      AC:  6    Str:  5    XL:     5   Next: 39%
Magic:  1/13       EV: 13    Int: 21    God:
Gold:   106        SH:  0    Dex: 15    Spells: 3/13 levels left

rFire    . . .     SeeInvis .   d - +0 short sword
rCold    . . .     Gourm    .   (no shield)
rNeg     . . .     Faith    .   a - +0 robe
rPois    .         Spirit   .   (no helmet)
rElec    .         Reflect  .   (no cloak)
rCorr    .         Harm     .   (no gloves)
MR       .....                  g - +0 pair of boots
Stlth    ++........             (no amulet)
HPRegen  0.09/turn              f - +3 ring of protection
MPRegen  0.13/turn              (no ring)

@: hasted, very quick
A: no striking features
a: no special abilities


You were in a sewer.
You were not hungry.

You visited 1 branch of the dungeon, and saw 3 of its levels.
You also visited: Sewer.

You collected 106 gold pieces.

Inventory:

Hand Weapons
 d - a +0 short sword (weapon)
 j - a cursed -1 dagger
Armour
 a - a +0 robe (worn)
 g - a +0 pair of boots (worn)
Jewellery
 f - a +3 ring of protection (left hand)
 n - a cursed -3 ring of strength
Scrolls
 b - a scroll of identify
Potions
 h - a potion of flight {unknown}
 i - a potion of agility {unknown}
 k - a potion of curing {unknown}
Comestibles
 c - 3 rations
 l - 4 chunks of flesh


   Skills:
 - Level 2.4 Dodging
 - Level 2.4 Stealth
 + Level 4.5 Spellcasting
 * Level 4.2 Conjurations
 + Level 4.4 Fire Magic


You had 3 spell levels left.
You knew the following spells:

 Your Spells              Type           Power        Failure   Level  Hunger
a - Flame Tongue          Conj/Fire      ###..        1%          1    None
d - Conjure Flame         Conj/Fire      ###.....     6%          3    ##.....
f - Sticky Flame          Conj/Fire      ###.....     19%         4    ####...
s - Throw Flame           Conj/Fire      ###...       3%          2    #......

Your spell library contained the following spells:

 Spells                   Type           Power        Failure   Level  Hunger
 Inner Flame              Hex/Fire       ##......     14%         3    ##.....
 Fireball                 Conj/Fire      ###.......   47%         5    ######.


Dungeon Overview and Level Annotations

Branches:
Dungeon (3/15)

Altars:


Message History

Casting: Flame Tongue (safe; 1% risk of failure)
Confirm with . or Enter, or press ? or * to list all spells.
Aiming: Flame Tongue (safe; 1% risk of failure)
Press: ? - help, Shift-Dir - straight line, f - river rat
Aim: a river rat The flame tongue misses the river rat.
The flame tongue hits the rat.
The rat is heavily wounded.
Casting: Flame Tongue (safe; 1% risk of failure)
Confirm with . or Enter, or press ? or * to list all spells.
Aiming: Flame Tongue (safe; 1% risk of failure)
Press: ? - help, Shift-Dir - straight line, f/p - river rat
Aim: a river rat The flame tongue hits the river rat.
The river rat appears unharmed.
The river rat bites you!
You closely miss the river rat. The river rat bites you.
You hit the river rat but do no damage. The river rat bites you!
* * * LOW HITPOINT WARNING * * *
The river rat completely misses you.
It was a potion of haste.
You feel yourself speed up. The river rat bites you!
You die...

#∩#
#.#
#∩#
#÷#
#†#
#.#
#r#
#r#
#@#
#≈#
#≈#
#≈#
#≈#
#≈#
#≈#
#≈#


You could see a river rat and a rat.

Vanquished Creatures
  An orc wizard (D:3)
  Jessica (D:2)
  Robin (D:2)
  4 adders
  4 worms
  2 dart slugs
  3 orcs (D:3)
  2 ball pythons
  10 bats
  3 giant cockroaches
  10 hobgoblins
  3 jackals (D:3)
  5 frilled lizards
  9 goblins
  3 kobolds (D:2)
  8 rats
69 creatures vanquished.

Notes
Turn   | Place    | Note
-------+----------+-------------------------------------------
     0 | D:1      | Napalmbreeze the Deep Elf Fire Elementalist began the quest
                  | for the Orb.
     0 | D:1      | Reached XP level 1. HP: 10/10 MP: 6/6
   309 | D:1      | Reached XP level 2. HP: 15/15 MP: 1/8
   939 | D:1      | Learned a level 2 spell: Throw Flame
   946 | D:2      | Reached XP level 3. HP: 6/19 MP: 3/10
  1269 | D:2      | Noticed Jessica
  1273 | D:2      | Killed Jessica
  1366 | D:2      | Noticed Robin
  1381 | D:2      | Killed Robin
  1381 | D:2      | Reached XP level 4. HP: 24/24 MP: 4/11
  1738 | D:2      | Learned a level 3 spell: Conjure Flame
  1743 | D:2      | Learned a level 4 spell: Sticky Flame
  2259 | D:3      | Reached XP level 5. HP: 28/28 MP: 9/13
  2473 | D:3      | Found a glowing drain.
  2501 | Sewer    | Entered a sewer
  2520 | Sewer    | Slain by a river rat

Vault maps used:
D:1:      dpeg_arrival_shrine, chequers_big_river
D:2:      uniq_jessica, uniq_robin
D:3:      cheibrodos_sewer_entry_sluice, elyvilon_altar_1
Sewer:    sewer_kobolds

Skill      XL: |  1  2  3  4  5 |
---------------+----------------+-----
Conjurations   | 2 3 4 |  4.2
Fire Magic     | 4 |  4.4
Spellcasting   | 4 |  4.5
Dodging        | |  2.4
Stealth        | |  2.4

Action                   |  1- 3 |  4- 6 || total
-------------------------+-------+-------++-------
Melee: Short sword       |     3 |    15 ||    18
 Cast: Flame Tongue      |    51 |    58 ||   109
       Throw Flame       |     2 |    10 ||    12
       Sticky Flame      |       |     1 ||     1
  Use: Scroll            |       |     4 ||     4
       Potion            |       |     1 ||     1
  Eat: Chunk             |     1 |     4 ||     5
Armor: Robe              |    11 |     6 ||    17
Dodge: Dodged            |    24 |    18 ||    42

Table legend:
 A = Non-vault XP
 B = Vault XP
 C = Vault XP percentage of total XP
 D = Non-vault monster count
 E = Vault monster count
 F = Vault count percentage of total count
                 A         B        C        D         E       F
            +---------+---------+-------+---------+---------+-------
      Total |     180 |      88 |  32.8 |      50 |      19 |  27.5
            +---------+---------+-------+---------+---------+-------
        D:1 |      26 |       0 |   0.0 |      15 |       0 |   0.0
        D:2 |      64 |      72 |  52.9 |      22 |      12 |  35.3
        D:3 |      90 |      14 |  13.5 |      13 |       5 |  27.8
      Sewer |       0 |       2 | 100.0 |       0 |       2 | 100.0
            +---------+---------+-------+---------+---------+-------
